 Dungeon Crawl Stone Soup version 0.14.0-26-g1682e81 (webtiles) character file.

502 Heini the Chopper (level 6, -3/56 HPs)
             Began as a Hill Orc Fighter on Apr 26, 2014.
             Succumbed to a scorpion's poison
             ... on Level 4 of the Dungeon.
             The game lasted 00:08:00 (2624 turns).

Heini the Chopper (Hill Orc Fighter)                Turns: 2624, Time: 00:08:00

HP  -3/56        AC  7     Str 26      XL: 6   Next: 59%
MP   5/5         EV  7     Int  8      God:
Gold 155         SH 19     Dex 10      Spells:  0 memorised,  5 levels left

rFire  . . .     SeeInvis .     r - +0 war axe
rCold  . . .     Clarity  +     b - +0 scale mail
rNeg   . . .     Conserve .     c - +0 shield
rPois  .         rCorr    .     (no helmet)
rElec  .         rRot     .     (no cloak)
SustAb . .       Spirit   .     (no gloves)
rMut   .         Warding  .     (no boots)
Saprov + . .     Stasis   .     (no amulet)
MR     .....                    (no ring)
                                (no ring)

@: mighty, lethally poisoned, not resistant to hostile enchantments, extremely
unstealthy
A: clarity, low mp 1, saprovore 1, slow healing 1
a: no special abilities


You were on level 4 of the Dungeon.
You were not hungry.

You visited 1 branch of the dungeon, and saw 4 of its levels.

You collected 155 gold pieces.

Inventory:

Hand weapons
 a - a +0,+0 war axe
 r - a +0,+0 war axe (weapon)
Armour
 b - a +0 scale mail (worn)
 c - a +0 shield (worn)
Magical devices
 l - a wand of slowing (22) {unknown}
 o - a wand of confusion (20) {unknown}
Comestibles
 d - 5 meat rations
 h - 4 bread rations
 m - a chunk of rat flesh
 n - 3 chunks of orc flesh
Scrolls
 g - a scroll of magic mapping {unknown}
 j - 2 scrolls of identify {unknown}
Potions
 e - a potion of might
 f - a potion of mutation
 i - a potion of confusion {unknown}
 k - a potion of flight {unknown}
 p - a potion of agility {unknown}
 q - a potion of resistance {unknown}


   Skills:
 * Level 5.3 Fighting
 * Level 5.5 Axes
 * Level 5.4 Armour
 - Level 3.5 Shields


You had 5 spell levels left.
You didn't know any spells.

Dungeon Overview and Level Annotations

Branches:
Dungeon (4/15)             Temple (0/1) D:4

Altars:
Sif Muna
Trog
Zin
The Shining One


Innate Abilities, Weirdness & Mutations

You can tolerate rotten meat.
You possess an exceptional clarity of mind.
Your magical capacity is low (-10% MP).
You heal slowly when monsters are visible.


Message History

The scorpion is severely wounded.
You closely miss the worker ant.
The worker ant is lightly wounded.
* * * LOW HITPOINT WARNING * * *
You feel very sick. You block the worker ant's attack. The scorpion stings you.
* * * LOW HITPOINT WARNING * * *
The worker ant bites you.
* * * LOW HITPOINT WARNING * * *
You are more poisoned.
The worker ant poisons you! The scorpion stings you.
* * * LOW HITPOINT WARNING * * *
You are more poisoned.
The scorpion poisons you!
Drink which item? (? for menu, Esc to quit)
You feel extremely strange.
Your natural healing is weakened.
Your thoughts seem clearer.
You feel less energetic.
It was a potion of mutation.
You die...

.. ..# . # . ..###.### #
+.##.. .# # ##.##.##.## .
###########.........#...
....(..................
.####.....#..⌠...⌠..#
(...>.....#.........#....
..##..###....%.a@......#
.....<# ###....s....##.#
####..# #..⌠...⌠..# #...
...............
#......#.........##+
#......##.##.##.## ......
...... .. . # ...........
......


You could see a scorpion and a worker ant.

Vanquished Creatures
  A centaur (D:4)
  3 orc wizards (D:4)
  Ijyb (D:4)
  6 adders
  A giant mite (D:3)
  A giant eyeball (D:4)
  3 giant geckos
  2 oozes
  2 orcs
  13 bats
  7 giant cockroaches
  11 hobgoblins
  12 jackals (D:1)
  6 kobolds
  4 quokkas
  2 giant newts (D:1)
  8 goblins
  25 rats
108 creatures vanquished.

Notes
Turn   | Place    | Note
--------------------------------------------------------------
     0 | D:1      | Heini, the Hill Orc Fighter, began the quest for the Orb.
     0 | D:1      | Reached XP level 1. HP: 19/19 MP: 1/1
    63 | D:1      | Reached XP level 2. HP: 22/27 MP: 2/2
   136 | D:1      | Reached skill level 4 in Fighting
   235 | D:1      | Reached XP level 3. HP: 25/33 MP: 3/3
   788 | D:1      | Found a glowing golden altar of the Shining One.
   916 | D:2      | Reached XP level 4. HP: 41/41 MP: 4/4
  1101 | D:2      | Found a bloodstained altar of Trog.
  1101 | D:2      | Found a glowing silver altar of Zin.
  1101 | D:2      | Found a deep blue altar of Sif Muna.
  1743 | D:3      | Reached XP level 5. HP: 45/47 MP: 5/5
  2007 | D:3      | Reached skill level 5 in Fighting
  2439 | D:4      | Noticed a centaur
  2448 | D:4      | Killed a centaur
  2448 | D:4      | Reached skill level 5 in Axes
  2448 | D:4      | Reached skill level 5 in Armour
  2448 | D:4      | Reached XP level 6. HP: 45/56 MP: 6/6
  2492 | D:4      | Noticed Ijyb
  2513 | D:4      | Killed Ijyb
  2595 | D:4      | Paralysed by a giant eyeball for 3 turns
  2605 | D:4      | Found a staircase to the Ecumenical Temple.
  2623 | D:4      | HP: 2/56 [scorpion (4)]
  2624 | D:4      | Gained mutation: You heal slowly when monsters are visible. [potion of mutation]
  2624 | D:4      | Gained mutation: You possess an exceptional clarity of mind. [potion of mutation]
  2624 | D:4      | Gained mutation: Your magical capacity is low (-10% MP). [potion of mutation]
  2624 | D:4      | Succumbed to a scorpion's poison

Action                   |  1- 3 |  4- 6 || total
-------------------------+-------+-------++-------
Melee: War axe           |   117 |   219 ||   336
  Use: Scroll            |       |     3 ||     3
       Potion            |       |     3 ||     3
